 Dungeon Crawl Stone Soup version 0.16-a0-3219-g20c30b8 (webtiles) character file.

39 MackTheKnife the Sneak (level 3, -1/18 HPs)
             Began as a Vine Stalker Assassin on Dec 21, 2014.
             Slain by a gnoll (6 damage)
             ... on level 2 of the Dungeon.
             The game lasted 00:03:35 (1008 turns).

MackTheKnife the Sneak (Vine Stalker Assassin)      Turns: 1008, Time: 00:03:35

Health: -1/18      AC:  4    Str: 13    XL:     3   Next: 47%
Magic:  0/4        EV: 11    Int: 12    God:
Gold:   49         SH:  0    Dex: 15    Spells: 0 memorised, 2 levels left

rFire  . . .     SeeInvis .     b - +0 blowgun
rCold  . . .     Clarity  .     c - +0 robe
rNeg   . . .     SustAb   .     (no shield)
rPois  .         Gourm    .     (no helmet)
rElec  .         Spirit   +     d - +0 cloak
rCorr  .         Warding  .     p - +0 pair of gloves
rMut   .         Stasis   .     (no boots)
MR     .....                    (no amulet)
Stlth  ++++......               (no ring)
                                s - ring of stealth

@: slowed, very slow, not resistant to hostile enchantments, stealthy
A: fangs 2, regeneration 1, magic shield, antimagic bite, no device heal 3, rot
immunity
a: no special abilities


You were on level 2 of the Dungeon.
You were not hungry.

You visited 1 branch of the dungeon, and saw 2 of its levels.

You collected 49 gold pieces.


Innate Abilities, Weirdness & Mutations

You have extremely sharp teeth.
Your natural rate of healing is unusually fast.
When hurt, damage is shared between your health and your magic reserves.
Your bite disrupts and absorbs the magic of your enemies.
Potions and wands cannot restore your health.
You are immune to rotting.


   Skills:
 - Level 1.7 Fighting
 - Level 1.7 Short Blades
 - Level 1.7 Throwing
 - Level 0.7 Dodging
 + Level 6.4 Stealth


You had 2 spell levels left.
You didn't know any spells.

Inventory:

Hand weapons
 a - a +2 dagger
 b - a +0 blowgun (weapon)
Missiles
 e - 22 poisoned needles (quivered)
Armour
 c - a +0 robe (worn)
 d - a +0 cloak (worn)
 p - a +0 pair of gloves (worn)
Jewellery
 s - a ring of stealth (left hand)
Scrolls
 h - 4 scrolls of remove curse {unknown}
 j - a scroll of identify {unknown}
 n - a scroll of recharging {unknown}
 q - a scroll of enchant armour {unknown}
Potions
 i - a potion of agility {unknown}
 k - a potion of resistance {unknown}
 m - a potion of brilliance {unknown}
 r - a potion of heal wounds {unknown}
Comestibles
 g - a bread ration
 l - a beef jerky
 o - a royal jelly

#................#
#.#####..........#
#.....#######
#.....#.....#
#.....#.._..#
#.....#....(#
#.....#.KK(.#
......##.###g###
#######...f.#
#######


You could see a gnoll and a kobold.


Message History

The gnoll hits you but does no damage. The kobold barely misses you.
The gnoll hits you!
* * * LOW HITPOINT WARNING * * *
The kobold zaps a wand.
You feel as though you will be slow longer.
The kobold hits you but does no damage. The gnoll hits you.
* * * LOW HITPOINT WARNING * * *
The kobold barely misses you. The kobold hits you.
* * * LOW HITPOINT WARNING * * *
There is an open door here.
Unknown command.
Wield which item (- for none, * to show all)? (? for menu, Esc to quit)
b - a +0 blowgun (weapon)
The gnoll completely misses you.
Quiver which item? (- for none, * to show all) (? for menu, Esc to quit)
Quivering
f - 2 curare-tipped needles for blowguns.
Firing (i - inventory. (,) - cycle):
f - 2 curare-tipped needles (quivered)
Aim: a gnoll (lightly wounded)
You shoot a curare-tipped needle.
The curare-tipped needle barely misses the gnoll.
The gnoll barely misses you.
Firing (i - inventory. (,) - cycle):
f - a curare-tipped needle (quivered)
Aim: a gnoll (lightly wounded)
You shoot a curare-tipped needle.
The curare-tipped needle hits the gnoll.
The gnoll is poisoned.
The gnoll convulses.
The gnoll seems to slow down.
The gnoll is moderately wounded.
The gnoll hits you!
You die...

Action                   || total
-------------------------++-------
Melee: Dagger            ||    51
 Fire: Blowgun           ||     6
 Stab: Sleeping          ||     5

Vault maps used:
D:1:      minmay_arrival_wavy_path
D:2:      cheibriados_altar_wand_db, makhleb_altar_promises_db,
          nicolae_qazlal_style_of_elements

Notes
Turn   | Place    | Note
--------------------------------------------------------------
     0 | D:1      | MackTheKnife, the Vine Stalker Assassin, began the quest for the Orb.
     0 | D:1      | Reached XP level 1. HP: 11/11 MP: 1/1
    56 | D:1      | Reached skill level 5 in Stealth
   323 | D:1      | Reached XP level 2. HP: 15/15 MP: 3/3
   755 | D:2      | Reached skill level 6 in Stealth
   849 | D:2      | Reached XP level 3. HP: 16/18 MP: 2/4
   927 | D:2      | Found a stormy altar of Qazlal.
   934 | D:2      | Noticed an air elemental
   937 | D:2      | Noticed a water elemental
   937 | D:2      | Noticed a fire elemental
   937 | D:2      | Noticed an earth elemental
   996 | D:2      | Found a snail-covered altar of Cheibriados.
  1008 | D:2      | Slain by a gnoll

Vanquished Creatures
  2 gnolls
  A giant gecko (D:2)
  2 giant cockroaches
  2 hobgoblins (D:1)
  3 kobolds
  2 quokkas (D:2)
  2 bats
  A giant newt (D:1)
  2 goblins (D:1)
  2 rats (D:2)
19 creatures vanquished.
